Map: Simulacrum LE

Players

Neeb

  • Race: Protoss Protoss
  • Spawn Location: 5:00

tyty (TY) - Winner!

  • Race: Terran Terran
  • Spawn Location: 11:00

VOD

Have the link to the VOD?

Description

Time

  • Played on: Jan. 7, 2020, 8:46 p.m.
  • Length: 23:48
Show
View Real Time Build Order
Export as new Build Order

Neeb Protoss 

Build Orders: 1 Gate Expand, Oracle Opening 

Get SALT Encoding   

  12  0:00  Probe  
  13  0:12  Probe  
  14  0:17  Pylon  
  14  0:24  Probe (Chrono Boost)  
  15  0:36  Gateway  
  15  0:37  Probe (Chrono Boost)  
  16  0:43  Probe (Chrono Boost)  
  16  0:45  Assimilator  
  17  0:51  Probe  
  18  1:03  Probe  
  19  1:15  Probe  
  20  1:23  Nexus  
  20  1:34  Cybernetics Core  
  20  1:37  Probe  
  21  1:42  Assimilator  
  21  1:49  Probe  
  21  1:51  Pylon  
  23  2:01  Probe (Chrono Boost)  
  23  2:07  Stalker (Chrono Boost)  
  23  2:11  Probe (Chrono Boost)  
  26  2:16  Probe (Chrono Boost)  
  26  2:21  Stargate  
  27  2:29  Probe (Chrono Boost)  
  28  2:32  Adept  
  28  2:35  Probe (Chrono Boost)  
  31  2:37  Warp Gate  
  33  2:45  Probe x2 (Chrono Boost)  
  33  2:50  Probe (Chrono Boost)  
  33  2:51  Probe  
  34  3:01  Probe  
  34  3:02  Oracle (Chrono Boost)  
  34  3:04  Probe  
  39  3:14  Probe  
  39  3:16  Probe  
  39  3:19  Gateway  
  41  3:22  Pylon  
  41  3:25  Gateway  
  41  3:26  Probe  
  42  3:28  Probe  
  42  3:32  Oracle (Chrono Boost)  
  46  3:40  Probe x2  
  48  3:44  Pylon  
  48  3:52  Probe x2  
  48  3:54  Assimilator  
  50  3:55  Assimilator  
  50  3:59  Pylon  
  50  4:01  Phoenix (Chrono Boost)  
  52  4:04  Probe x2  
  54  4:16  Probe x2  
  56  4:23  Nexus  
  56  4:25  Pylon  
  56  4:29  Sentry  
  56  4:30  Pylon  
  58  4:32  Stalker  
  58  4:36  Stalker  
  58  4:37  Probe  
  63  4:40  Probe  
  64  4:45  Robotics Facility  
  64  4:53  Probe  
  64  4:55  Probe  
  66  5:00  Shield Battery  
  66  5:02  Pylon  
  66  5:03  Stalker  
  66  5:05  Shield Battery  
  68  5:10  Stalker  
  70  5:16  Probe  
  70  5:17  Probe  
  70  5:21  Stalker  
  71  5:28  Probe, Stalker  
  70  5:29  Probe  
  73  5:37  Observer  
  73  5:38  Stalker  
  73  5:40  Probe  
  73  5:41  Probe x2  
  77  5:52  Probe  
  77  5:53  Probe x2  
  78  6:00  Stalker x2  
  79  6:04  Probe, Observer  
  79  6:07  Probe x2  
  79  6:11  Assimilator  
  80  6:14  Assimilator  
  80  6:17  Robotics Bay  
  76  6:18  Twilight Council  
  76  6:20  Probe x2  
  76  6:21  Probe, Sentry  
  81  6:27  Pylon, Observer  
  81  6:28  Stalker  
  81  6:29  Stalker  
  81  6:31  Pylon  
  86  6:32  Probe  
  86  6:33  Probe  
  86  6:36  Probe  
  87  6:45  Probe  
  87  6:46  Charge (Chrono Boost)  
  88  6:47  Pylon  
  88  6:49  Forge  
  88  6:50  Forge  
  88  6:53  Probe  
  89  7:02  Immortal  
  93  7:08  Protoss Ground Weapons Level 1 (Chrono Boost)  
  93  7:10  Gateway  
  93  7:11  Gateway  
  93  7:14  Gateway x2  
  93  7:16  Gateway x2  
  93  7:18  Templar Archives  
  93  7:20  Pylon  
  93  7:28  Templar Archives, Stalker x2  
  97  7:30  Stalker  
  97  7:36  Photon Cannon  
  99  7:38  Warp Prism (Chrono Boost)  
  101  7:53  Zealot x3  
  107  8:06  Observer  
  107  8:10  Zealot x6  
  119  8:15  Warp Prism (Chrono Boost)  
  119  8:18  Nexus  
  118  8:28  High Templar x2  
  118  8:32  High Templar x4, Pylon  
  118  8:33  High Templar x2  
  133  8:34  Archon  
  133  8:38  Archon  
  133  8:39  Archon x2, Zealot  
  133  8:40  Probe x2  
  133  8:41  Probe  
  138  8:45  Blink (Chrono Boost)  
  138  8:49  Immortal (Chrono Boost)  
  145  8:58  Protoss Ground Weapons Level 2 (Chrono Boost)  
  145  9:03  Pylon  
  145  9:05  Photon Cannon, Zealot x2  
  145  9:06  Zealot  
  145  9:08  Pylon, Shield Battery  
  148  9:24  Stalker  
  148  9:25  Stalker x2  
  148  9:28  Stalker x2  
  157  9:31  Pylon  
  157  9:33  Pylon  
  157  9:38  High Templar x2, Zealot x2  
  163  9:42  Archon  
  163  9:44  Photon Cannon  
  151  9:54  Zealot x5  
  161  10:03  Immortal (Chrono Boost)  
  161  10:16  Zealot x6  
  161  10:17  Zealot  
  161  10:18  Zealot x8  
  149  10:27  Probe x3  
  143  10:28  Probe  
  143  10:38  Zealot x2  
  143  10:39  Probe  
  143  10:40  High Templar x4  
  143  10:42  Zealot x3  
  162  10:45  Probe x2, Immortal  
  152  10:50  Robotics Facility x2  
  152  10:52  Sentry, Stalker x2  
  152  10:53  Stalker  
  152  10:56  Assimilator x2  
  160  11:12  Nexus  
  160  11:16  Immortal (Chrono Boost)  
  160  11:19  Protoss Ground Weapons Level 3 (Chrono Boost)  
  160  11:20  Pylon  
  164  11:28  High Templar x5  
  164  11:29  High Templar  
  176  11:34  Archon  
  176  11:35  Archon  
  176  11:37  Archon  
  176  11:42  Photon Cannon  
  176  11:43  Immortal (Chrono Boost)  
  176  11:45  Photon Cannon  
  184  11:47  Shield Battery  
  184  11:53  Immortal x2 (Chrono Boost)  
  186  11:58  Gravitic Drive  
  186  12:05  Stalker  
  186  12:06  Stalker x4  
  196  12:15  Immortal  
  198  12:46  Zealot x2  
  193  12:51  Observer  
  185  13:01  Stalker x6  
  185  13:03  Probe x2  
  185  13:05  Probe  
  187  13:09  Probe  
  188  13:13  Stalker x3  
  188  13:15  Probe  
  188  13:19  Probe  
  194  13:25  Probe  
  194  13:27  Sentry x2  
  199  13:38  Probe  
  199  13:39  Dark Shrine  
  200  13:42  Gateway  
  200  13:43  Gateway  
  200  13:46  Gateway  
  196  13:55  Warp Prism  
  196  13:57  Zealot  
  194  14:17  Fleet Beacon  
  177  14:29  Zealot x9  
  177  14:30  Protoss Shields Level 1 (Chrono Boost)  
  193  14:38  High Templar x4  
  167  14:40  Zealot x5  
  167  14:41  Immortal x3, Psionic Storm  
  193  14:49  Photon Cannon  
  193  14:51  Photon Cannon x2  
  193  14:59  Fleet Beacon  
  193  15:03  Stargate  
  193  15:04  Stargate  
  193  15:08  Stargate  
  193  15:09  Dark Templar  
  193  15:10  Dark Templar x2  
  193  15:11  Protoss Air Weapons Level 1 (Chrono Boost)  
  199  15:17  Nexus  
  187  15:32  Stalker x5  
  187  15:33  Probe  
  187  15:34  Probe  
  172  15:39  Probe  
  172  15:40  Probe  
  166  15:43  Probe  
  166  15:45  Probe  
  166  15:46  Stalker x4  
  166  15:48  Observer  
  174  15:51  Probe  
  174  15:53  Probe  
  176  15:57  Zealot  
  176  15:58  Zealot x4  
  174  16:18  Dark Templar  
  174  16:19  Dark Templar x5  
  174  16:22  Archon  
  174  16:23  Archon x2  
  180  16:41  Nexus, Zealot x3  
  180  17:04  Zealot x7  
  180  17:05  Zealot  
  192  17:23  Archon  
  188  17:32  High Templar x4  
  188  17:35  Pylon  
  182  17:46  Archon x2  
  182  17:55  Tempest x3 (Chrono Boost)  
  200  18:02  Tempest (Chrono Boost)  
  200  18:06  Assimilator  
  200  18:07  Assimilator  
  188  18:35  Nexus  
  188  18:36  Tempest x2  
  192  18:50  Nexus  
  192  18:55  Tempest  
  196  19:10  Nexus  
  196  19:16  Pylon  
  196  19:21  Pylon  
  196  19:23  Assimilator  
  196  19:25  Protoss Shields Level 2, Assimilator  
  196  19:28  Protoss Air Weapons Level 2 (Chrono Boost)  
  196  19:34  Oracle  
  180  20:07  Oracle  
  180  20:08  High Templar x4  
  180  20:09  Stalker x4  
  199  20:14  Nexus  
  199  20:15  Archon  
  199  20:16  Archon  
  199  20:26  Nexus  
  199  20:30  Assimilator  
  184  20:45  Tempest x2  
  184  20:46  Tempest  
  195  20:59  Tempest  
  194  21:08  Dark Templar x2  
  198  21:15  Photon Cannon  
  198  21:17  Photon Cannon  
  198  21:18  Shield Battery  
  178  21:44  Tempest  
  160  21:52  Zealot, Stalker x3  
  160  21:53  Zealot x5  
  158  22:02  Probe x4  
  158  22:03  Probe x2  
  145  22:34  Stalker x2  
  65  23:10  Zealot x4  
  65  23:11  Zealot x5  
  83  23:14  Probe x2  
  83  23:15  Probe x2  
  83  23:18  Probe  
  88  23:26  Probe  
Show
View Real Time Build Order
Export as new Build Order

tyty Terran - Winner!

Build Orders: Gas First Reaper Expand, Mech, Banshee Rush 

Get SALT Encoding   

  12  0:00  SCV  
  13  0:12  SCV  
  14  0:17  Supply Depot  
  14  0:25  SCV  
  14  0:27  Refinery  
  15  0:39  SCV  
  16  0:45  Barracks  
  16  0:51  SCV  
  17  1:03  SCV  
  18  1:15  SCV  
  19  1:31  Orbital Command  
  19  1:32  Reaper  
  20  1:48  Command Center  
  20  1:57  Factory  
  20  1:59  SCV  
  21  2:05  Barracks Reactor  
  21  2:08  Supply Depot  
  21  2:13  SCV  
  22  2:19  Refinery  
  22  2:25  SCV  
  23  2:37  SCV  
  23  2:42  Starport  
  24  2:46  Hellion  
  24  2:47  Hellion  
  24  2:49  SCV  
  29  2:52  Barracks Tech Lab  
  29  3:01  SCV, Orbital Command  
  30  3:08  Hellion  
  30  3:12  Hellion  
  34  3:13  SCV  
  35  3:24  Cloaking Field  
  35  3:26  Banshee  
  38  3:31  SCV x2  
  40  3:37  Supply Depot  
  40  3:39  Marine  
  40  3:40  Marine  
  42  3:43  SCV  
  42  3:44  Factory Tech Lab  
  42  3:46  SCV  
  43  3:55  SCV  
  44  3:57  Marine x2  
  44  3:59  SCV  
  44  4:02  Supply Depot  
  47  4:07  SCV  
  51  4:10  Cyclone, Banshee  
  54  4:18  Supply Depot  
  54  4:21  SCV x2  
  54  4:24  Marine x2  
  56  4:27  Supply Depot  
  56  4:33  SCV x2  
  58  4:41  Marine x2  
  58  4:43  Cyclone  
  58  4:45  SCV  
  64  4:50  SCV  
  65  4:53  Banshee  
  65  4:57  SCV  
  65  4:58  Supply Depot  
  65  4:59  Marine x2  
  71  5:06  SCV  
  72  5:15  Cyclone  
  72  5:18  SCV  
  72  5:19  Command Center  
  72  5:20  Marine x2  
  75  5:24  SCV  
  76  5:31  SCV, Refinery  
  76  5:32  Refinery  
  77  5:36  SCV  
  77  5:38  Marine x2  
  77  5:41  Banshee  
  83  5:43  SCV  
  83  5:48  SCV  
  78  5:56  SCV, Marine x2  
  74  6:00  SCV  
  70  6:08  SCV  
  70  6:11  Siege Tank  
  66  6:12  SCV  
  66  6:14  Marine x2  
  66  6:20  SCV  
  66  6:23  Banshee  
  66  6:24  SCV  
  66  6:25  Factory, Engineering Bay  
  71  6:26  Factory  
  71  6:31  Marine x2  
  71  6:32  SCV  
  74  6:35  Refinery  
  74  6:36  SCV, Refinery  
  75  6:44  SCV, Orbital Command  
  75  6:45  Siege Tank  
  79  6:48  SCV  
  82  6:56  SCV  
  82  7:01  SCV, Armory x2  
  82  7:06  Command Center  
  83  7:08  SCV  
  83  7:12  SCV, Missile Turret  
  83  7:13  SCV  
  85  7:16  Supply Depot  
  85  7:18  Starport Reactor  
  85  7:19  Hellion x2, Siege Tank x2  
  85  7:20  SCV  
  96  7:24  SCV  
  96  7:25  SCV  
  96  7:26  Supply Depot  
  98  7:31  Factory  
  98  7:32  SCV  
  98  7:34  Factory  
  98  7:36  SCV  
  100  7:39  SCV  
  100  7:42  Missile Turret, Supply Depot  
  101  7:44  SCV  
  101  7:45  Hellion x2  
  101  7:49  SCV, Terran Vehicle Weapons Level 1  
  101  7:50  Terran Vehicle And Ship Armor Level 1  
  101  7:51  SCV  
  108  7:52  Siege Tank  
  108  7:58  Siege Tank  
  113  7:59  SCV, Missile Turret  
  114  8:07  Supply Depot  
  114  8:08  SCV x2, Missile Turret  
  114  8:09  Hellion x2  
  114  8:11  Starport Reactor  
  120  8:12  SCV  
  120  8:20  Missile Turret  
  120  8:21  Factory Tech Lab  
  120  8:22  SCV x2  
  120  8:24  Siege Tank  
  120  8:25  SCV  
  126  8:28  Supply Depot  
  126  8:29  Supply Depot  
  126  8:31  Siege Tank  
  126  8:32  Hellion x2  
  133  8:37  SCV x2, Sensor Tower  
  133  8:38  SCV  
  133  8:39  Liberator  
  135  8:42  Liberator  
  135  8:46  Engineering Bay  
  135  8:47  Engineering Bay  
  133  8:49  Widow Mine x2  
  133  8:52  Siege Tank  
  133  8:53  Supply Depot, Engineering Bay  
  140  9:01  Widow Mine  
  148  9:07  Siege Tank  
  148  9:08  Widow Mine  
  155  9:19  Supply Depot, Widow Mine  
  155  9:20  Widow Mine  
  155  9:22  Supply Depot  
  157  9:25  Missile Turret  
  157  9:29  Supply Depot x3  
  157  9:32  Widow Mine x2  
  157  9:33  Drilling Claws  
  157  9:35  Siege Tank  
  164  9:40  Siege Tank  
  164  9:41  Liberator x2  
  167  9:52  SCV x2  
  161  9:56  Widow Mine x4  
  175  10:10  SCV x2  
  175  10:11  SCV  
  159  10:27  Siege Tank x2  
  159  10:28  Hellion x3  
  164  10:29  SCV x2, Terran Vehicle Weapons Level 2  
  164  10:33  Liberator  
  164  10:34  Command Center  
  166  10:37  Widow Mine  
  166  10:39  Hellion x8  
  168  10:45  SCV x2  
  169  10:51  Hellion x2  
  169  10:54  Hellion  
  169  10:56  Refinery  
  179  10:57  Missile Turret  
  179  11:01  Cyclone x2  
  179  11:02  Cyclone  
  188  11:07  Refinery  
  188  11:10  Planetary Fortress  
  188  11:14  Hellion x2, Command Center  
  192  11:23  Command Center  
  192  11:26  Mag-Field Accelerator  
  192  11:27  Terran Vehicle And Ship Armor Level 2  
  192  11:29  SCV x3  
  192  11:33  Cyclone  
  192  11:34  Cyclone  
  198  11:41  SCV  
  199  11:47  Factory  
  199  11:48  Missile Turret x2, Factory  
  199  11:50  Missile Turret  
  194  11:57  Cyclone  
  194  12:00  SCV  
  194  12:01  SCV x2  
  198  12:07  Starport Tech Lab  
  199  12:18  Starport  
  199  12:19  Fusion Core  
  197  12:24  Refinery  
  193  12:31  Cyclone x2  
  198  12:48  Terran Vehicle Weapons Level 3  
  192  13:02  Cyclone  
  192  13:03  Cyclone  
  192  13:05  Hellion x2  
  190  13:07  Starport Tech Lab, Hellion x2  
  195  13:20  Hellion  
  195  13:21  Hellion  
  199  13:30  Banshee x2  
  199  13:31  Hyperflight Rotors  
  199  13:43  Terran Ship Weapons Level 1  
  199  13:44  Sensor Tower  
  199  13:45  Refinery  
  199  13:47  Refinery  
  191  14:03  Cyclone x2  
  191  14:06  Planetary Fortress  
  192  14:13  Banshee, Battlecruiser  
  197  14:18  Hellion  
  197  14:21  Starport  
  186  14:30  Cyclone  
  185  14:31  Factory Tech Lab x2  
  185  14:35  Cyclone x2  
  185  14:42  Command Center  
  185  14:43  Missile Turret  
  185  14:44  Hellion x2  
  185  14:45  Hellion  
  191  14:51  Cyclone x2  
  197  14:54  Hellion  
  197  14:57  SCV  
  200  15:02  Starport Tech Lab  
  200  15:14  Command Center  
  200  15:21  Weapon Refit  
  200  15:25  Terran Vehicle And Ship Armor Level 3  
  192  15:35  Battlecruiser x2  
  192  15:36  Battlecruiser  
  195  15:46  Cyclone  
  195  15:47  Cyclone, Hellion  
  183  16:17  Terran Ship Weapons Level 2  
  177  16:21  Widow Mine x4  
  177  16:22  Widow Mine  
  184  16:38  Orbital Command  
  184  16:39  Battlecruiser  
  184  16:47  Widow Mine  
  184  16:48  Widow Mine x2  
  187  17:04  Missile Turret  
  187  17:05  Sensor Tower  
  187  17:07  Battlecruiser x2  
  179  17:23  SCV  
  179  17:25  SCV x2  
  173  17:33  Hellion x3  
  173  17:34  Widow Mine x2  
  173  17:35  SCV, Widow Mine x2  
  173  17:36  Infernal Pre-Igniter  
  186  17:37  SCV, Orbital Command  
  186  17:38  SCV  
  188  17:47  SCV  
  188  17:49  SCV  
  188  17:50  SCV, Battlecruiser  
  197  17:53  Planetary Fortress  
  197  17:57  Missile Turret  
  197  17:59  SCV, Missile Turret  
  197  18:00  Sensor Tower  
  197  18:01  SCV  
  197  18:02  SCV  
  197  18:03  Refinery  
  193  18:37  Terran Ship Weapons Level 3  
  193  18:39  Widow Mine x2  
  197  18:44  Orbital Command  
  197  18:46  Battlecruiser  
  194  18:49  Widow Mine x2  
  194  18:51  Widow Mine  
  196  19:06  Refinery  
  196  19:07  Refinery  
  196  19:09  Sensor Tower  
  196  19:10  Missile Turret  
  196  19:15  Command Center  
  196  19:16  Siege Tank  
  199  19:47  Command Center  
  199  19:49  Command Center  
  199  20:17  Command Center  
  199  20:18  Refinery  
  199  20:19  Refinery  
  199  20:23  Refinery  
  199  20:30  Sensor Tower  
  199  20:31  Missile Turret  
  171  20:46  Thor x3  
  182  20:58  Thor  
  184  21:14  Raven x2  
  184  21:16  Raven  
  191  21:18  Siege Tank  
  191  21:22  Missile Turret  
  191  21:23  Widow Mine x3  
  197  21:29  Siege Tank  
  169  21:51  Siege Tank x2  
  165  21:57  Battlecruiser  
  151  22:01  Siege Tank x2  
  151  22:06  SCV x2  
  149  22:17  Hellion x2  
  153  22:29  Planetary Fortress  
  153  22:36  Hellion x2  
  157  22:37  Siege Tank  
  111  23:00  Hellion  
  111  23:01  Hellion  
  111  23:02  SCV x2  
  102  23:09  Orbital Command  
  94  23:13  Hellion x3  
  94  23:14  SCV  
Tags
 
Add a new tag
Caveats
  • Supply blocks, unpowered buildings, or Contaminate may cause inaccurate times.
  • Supply counts are checked every 10 seconds.